 Dungeon Crawl Stone Soup version 0.31-a0-202-g547052bce9 (webtiles) character file.

Game seed: 8781039258016081184

65 qw the Shooter (level 3, -3/20 HPs)
             Began as a Deep Elf Hunter on June 26, 2023.
             Slain by a goblin
             ... wielding a +0 club
             ... led by Robin
              (4 damage)
             ... on level 2 of the Dungeon.
             The game lasted 00:00:26 (1261 turns).

qw the Shooter (Deep Elf Hunter)                    Turns: 1261, Time: 00:00:27

Health: -3/20      AC:  6    Str: 10    XL:     3   Next: 94%
Magic:  5/5        EV: 11    Int: 13    God:
Gold:   60         SH:  0    Dex: 18    Spells: 2/2 levels left

rFire   + . .        Y - +0 shortbow
rCold   . . .        (shield currently unavailable)
rNeg    . . .        f - +1 ring mail {rF+}
rPois   .            (no helmet)
rElec   .            (no cloak)
rCorr   .            (no gloves)
SInv    .            (no boots)
Will    .....        (no amulet)
Stlth   +            (no ring)
HPRegen 0.23/turn    (no ring)
MPRegen 0.09/turn

%: no passive effects
@: no status effects
A: no striking features
a: no special abilities


You were on level 2 of the Dungeon.
You visited 1 branch of the dungeon, and saw 2 of its levels.

You collected 60 gold pieces.


   Skills:
 - Level 1.5 Fighting
 + Level 7.4 Ranged Weapons
 - Level 2.4 Dodging
 - Level 1.2 Stealth


You had 2 spell levels left.
You didn't know any spells.
Your spell library was empty.

Inventory:

Hand Weapons
 Y - a +0 shortbow (weapon)
Armour
 f - a +1 ring mail of fire resistance (worn)
Scrolls
 b - 2 scrolls of identify
 c - a scroll of fog {unknown}
 i - 3 scrolls of teleportation {unknown}
Potions
 a - a potion of lignification {unknown}
 d - a potion of invisibility {unknown}
 e - a potion of might {unknown}
 g - a potion of heal wounds {unknown}
 h - a potion of ambrosia {unknown}

Dungeon Overview and Level Annotations

Branches:
Dungeon (2/15)

Altars:

Annotations:
D:2 Robin


Message History

A goblin comes into view. It is wielding a +0 club.
A goblin comes into view. It is wielding a +1 dagger of speed.
The hobgoblin hits you but does no damage.
The hobgoblin hits you.
You shoot an arrow. The arrow hits the goblin!
You kill the goblin!
The hobgoblin closely misses you. x2
You shoot an arrow. The arrow closely misses the hobgoblin.
Robin throws the goblin at you! The hobgoblin hits you.
The goblin hits you but does no damage. The hobgoblin closely misses you.
You shoot an arrow. The arrow hits the goblin!
You kill the goblin!
The hobgoblin barely misses you. The hobgoblin closely misses you.
The goblin hits you with a +0 club. The hobgoblin hits you.
You shoot an arrow. The arrow closely misses the goblin.
The goblin hits you but does no damage. x2
The hobgoblin hits you but does no damage.
The hobgoblin closely misses you. The goblin hits you but does no damage.
The hobgoblin barely misses you.
You shoot an arrow. The arrow closely misses the goblin.
The goblin hits you but does no damage. The goblin barely misses you.
The hobgoblin closely misses you. The hobgoblin barely misses you.
The hobgoblin hits you but does no damage.
The goblin barely misses you. The goblin closely misses you.
The hobgoblin hits you. The hobgoblin barely misses you.
The goblin barely misses you. The hobgoblin misses you.
The goblin hits you but does no damage.
You shoot an arrow. The arrow closely misses the goblin.
The goblin hits you but does no damage. The hobgoblin hits you.
The hobgoblin barely misses you. The goblin barely misses you.
The goblin hits you but does no damage. The hobgoblin hits you.
You shoot an arrow. The arrow closely misses the goblin.
The goblin misses you. The goblin closely misses you.
The hobgoblin barely misses you. The hobgoblin hits you.
The hobgoblin misses you.
You shoot an arrow. The arrow barely misses the goblin.
The goblin hits you but does no damage. x2
The hobgoblin hits you but does no damage.
The hobgoblin hits you. The goblin hits you with a +0 club.
You die...

.##)# #.# .##.# #.#
###.#### ##.## .......#
#...# .#.....# #.%.#
.......# #...######
.#.....#####.)...g..#
.#.....#.......ggg..##..
...............g@gg....#
###.#.##....>...ggg.....
......######....###.....
###.### #........##..
#.# ##...###### . #.#
##.....## #
#.######.##....#
###.......#.###.#####
....##...........[..##


You could see Robin, 3 hobgoblins and 6 goblins.

Vanquished Creatures
  3 adders (D:2)
  A worm (D:2)
  6 endoplasms
  4 giant cockroaches
  3 goblins (D:2)
  2 hobgoblins
  A quokka (D:1)
  3 ball pythons
  4 bats
  2 frilled lizards (D:2)
  4 kobolds
  2 rats (D:1)
35 creatures vanquished.

Notes
Turn   | Place    | Note
-------+----------+-------------------------------------------
     0 | D:1      | qw the Deep Elf Hunter began the quest for the Orb.
     0 | D:1      | Reached XP level 1. HP: 12/12 MP: 3/3
     0 | D:1      | 0 ||| qw: Version: 0.3-a-22-g0ed2b0b
     0 | D:1      | 0 ||| qw: Game counter: 6213
     0 | D:1      | 0 ||| qw: Melee chars always use a shield: true
     0 | D:1      | 0 ||| qw: God list: Okawaru
     0 | D:1      | 0 ||| qw: Allow faded altars: false
     0 | D:1      | 0 ||| qw: Do Orc after clearing Dungeon:15 true
     0 | D:1      | 0 ||| qw: Do second Lair branch before Depths: true
     0 | D:1      | 0 ||| qw: Lair rune preference: random
     0 | D:1      | 0 ||| qw: Goals: Normal
     0 | D:1      | 0 ||| PLANNING D:1-11
   267 | D:1      | Found a faded altar of an unknown god.
   303 | D:1      | Reached skill level 6 in Ranged Weapons
   303 | D:1      | Reached XP level 2. HP: 16/16 MP: 4/4
   764 | D:1      | 764 ||| UPGRADING to +1 ring mail of fire resistance.
   774 | D:1      | 774 ||| DROPPING +0 leather armour.
   775 | D:1      | 775 ||| READING scroll labelled FUGULEN MENLAG.
   776 | D:1      | 776 ||| READING scroll labelled LASIPL JUPPU.
   777 | D:1      | 777 ||| DROPPING scroll of butterflies.
   912 | D:2      | Reached XP level 3. HP: 20/20 MP: 5/5
   968 | D:2      | Reached skill level 7 in Ranged Weapons
  1250 | D:2      | Noticed Robin
  1259 | D:2      | HP: 5/20 [hobgoblin[Robin] (3)]
  1260 | D:2      | HP: 2/20 [hobgoblin[Robin] (3)]
  1261 | D:2      | Slain by a goblin

Levels and vault maps discovered:
D:1:      minmay_arrival_three_doors, layout_basic,
          nicolae_ecumenical_lake_church
D:2:      layout_loops_cross, uniq_robin

Skill      XL: |  1  2  3 |
---------------+----------+-----
Ranged Weapons | 6 7 |  7.4
Fighting       | |  1.5
Dodging        | |  2.4
Stealth        | |  1.2

Action                     || total
---------------------------++-------
   Fire: Shortbow          ||    97
    Use: Scroll            ||     2
 Armour: Leather armour    ||     2
         Ring mail         ||    22
  Dodge: Dodged            ||    33

Table legend:
 A = Non-vault XP
 B = Vault XP
 C = Vault XP percentage of total XP
 D = Non-vault monster count
 E = Vault monster count
 F = Vault count percentage of total count
                 A         B        C        D         E       F
            +---------+---------+-------+---------+---------+-------
      Total |      91 |       3 |   3.2 |      33 |       2 |   5.7
            +---------+---------+-------+---------+---------+-------
        D:1 |      24 |       0 |   0.0 |      15 |       0 |   0.0
        D:2 |      67 |       3 |   4.3 |      18 |       2 |  10.0
            +---------+---------+-------+---------+---------+-------
